 Dungeon Crawl Stone Soup version 0.22-a0-3-g4fa69d9a97 (webtiles) character file.

487 Manul the Sneak (level 6, -5/33 HPs)
             Began as a Spriggan Abyssal Knight on Jan 1, 2018.
             Was a Follower of Lugonu.
             Slain by a thrashing horror (15 damage)
             ... on level 3 of the Abyss.
             The game lasted 00:01:03 (172 turns).

Manul the Sneak (Spriggan Abyssal Knight)            Turns: 172, Time: 00:01:04

Health: -5/33      AC:  2    Str:  8    XL:     6   Next: 89%
Magic:  8/8        EV: 21    Int: 13    God:    Lugonu [*.....]
Gold:   65         SH:  0    Dex: 18    Spells: 5/5 levels left

rFire    . . .     SeeInvis +   a - +1 short sword
rCold    . . .     Gourm    .   (shield restricted)
rNeg     . . .     Faith    .   b - +0 robe
rPois    .         Spirit   .   (helmet restricted)
rElec    .         Reflect  .   (no cloak)
rCorr    .         Harm     .   (gloves unavailable)
MR       +....                  (boots unavailable)
Stlth    +++.......             (no amulet)
HPRegen  0.11/turn              (no ring)
MPRegen  0.11/turn              (no ring)

@: very quick
A: very small, unfitting armour, see invisible, herbivore, speed 3, slow
metabolism 2
a: Depart the Abyss, Renounce Religion


You were on level 3 of the Abyss.
You worshipped Lugonu.
Lugonu was aware of your devotion.
You were not hungry.

You visited 0 branches of the dungeon, and saw 0 of its levels.
You visited the Abyss 1 time.

You collected 65 gold pieces.

Inventory:

Hand Weapons
 a - a +1 short sword (weapon)
Armour
 b - a +0 robe (worn)
Wands
 e - a wand of paralysis (12)
Scrolls
 d - a scroll of teleportation
 f - a scroll of blinking {unknown}
Comestibles
 c - 2 rations


   Skills:
 + Level 4.1 Fighting
 + Level 3.8 Short Blades
 + Level 5.0 Dodging
 + Level 6.2 Stealth
 + Level 2.4 Invocations
 + Level 0.4 Evocations


You had 5 spell levels left.
You didn't know any spells.

Dungeon Overview and Level Annotations

Branches:
Dungeon (0/15)

Altars:


Innate Abilities, Weirdness & Mutations

You are very small and have problems with some larger weapons.
You are too small for most types of armour.
You have supernaturally acute eyesight. (SInv)
You are a herbivore.
You cover ground extremely quickly.
You need consume almost no food.


Message History

Your Invocations skill increases to level 2!
You have reached level 2!
You have reached level 3!
Your experience leads to an increase in your attributes!
Increase (S)trength, (I)ntelligence, or (D)exterity?
You feel agile.
You have reached level 4!
You have reached level 5!
You feel agile.
You have reached level 6!
Your experience leads to an increase in your attributes!
Increase (S)trength, (I)ntelligence, or (D)exterity?
You feel agile.
The substance of the Abyss twists violently, and a gateway leading out appears!
The thrashing horror is no longer paralysed.
The thrashing horror completely misses you.
The thrashing horror closely misses you.
The large abomination completely misses you.
The thrashing horror tramples you!
You die...

...# .
...
..#...
....
...###
#...#
#≈XX#
#.§@#
#...###
#.≈ #$
#


You could see a thrashing horror and a large abomination.

Vanquished Creatures
  An unseen horror (Abyss:3)
1 creature vanquished.

Notes
Turn   | Place    | Note
-------+----------+-------------------------------------------
     0 | Abyss:1  | Manul the Spriggan Abyssal Knight began the quest for the Orb.
     0 | Abyss:1  | Reached XP level 1. HP: 11/11 MP: 3/3
    76 | Abyss:2  | Noticed a raiju
    89 | Abyss:2  | Found a bloodstained altar of Trog.
    94 | Abyss:2  | Noticed an earth elemental
   138 | Abyss:3  | Noticed a small abomination
   159 | Abyss:3  | Noticed a thrashing horror
   160 | Abyss:3  | Noticed an unseen horror
   164 | Abyss:3  | Noticed a large abomination
   171 | Abyss:3  | Killed an unseen horror
   171 | Abyss:3  | Reached skill level 5 in Dodging
   171 | Abyss:3  | Reached skill level 6 in Stealth
   171 | Abyss:3  | Reached XP level 2. HP: 5/17 MP: 4/4
   171 | Abyss:3  | Reached XP level 3. HP: 6/21 MP: 5/5
   171 | Abyss:3  | Reached XP level 4. HP: 7/25 MP: 6/6
   171 | Abyss:3  | Reached XP level 5. HP: 8/29 MP: 7/7
   171 | Abyss:3  | Reached XP level 6. HP: 10/33 MP: 8/8
   172 | Abyss:3  | Slain by a thrashing horror

Vault maps used:
Abyss:1:  due_exit_kobolds
Abyss:2:  minivault_20

Skill      XL: |  1 |
---------------+----+-----
Fighting       | 4 |  4.1
Short Blades   | 3 |  3.8
Dodging        | 5 |  5.0
Stealth        | 6 |  6.2
Invocations    | 2 |  2.4
Evocations     | |  0.4

Action                   |  1- 3 |  4- 6 || total
-------------------------+-------+-------++-------
Melee: Short sword       |    10 |       ||    10
Evoke: Wand              |     2 |       ||     2
  Use: Scroll            |     1 |       ||     1
 Stab: Paralysed         |    10 |       ||    10
Dodge: Dodged            |     5 |     3 ||     8

Table legend:
 A = Spawn XP
 B = Non-spawn XP
 C = Spawn XP percentage of total XP
 D = Spawn monster count
 E = Non-spawn monster count
 F = Spawn count percentage of total count
 G = Total turns spent on level
                    A         B        C        D         E        F      G
               +---------+---------+-------+---------+---------+-------+---------
         Total |       0 |     697 |   0.0 |       0 |       1 |   0.0 |   172
               +---------+---------+-------+---------+---------+-------+---------
       Abyss:3 |       0 |     697 |   0.0 |       0 |       1 |   0.0 |    56
               +---------+---------+-------+---------+---------+-------+---------
